 Dungeon Sprint DCSS version 0.19-a0-678-ge7aab0b (webtiles) character file.

27 Laraso the Basher (level 6, -1/63 HPs)
             Began as a Demonspawn Fighter on June 16, 2016.
             Was a Believer of Trog.
             Slain by a neqoxec (10 damage)
             ... in the Dungeon (Sprint VI: "Thunderdome").
             The game lasted 00:01:37 (209 turns).

Laraso the Basher (Demonspawn Fighter)               Turns: 209, Time: 00:01:37

Health: -1/63      AC:  3    Str: 23    XL:     6   Next: 38%
Magic:  5/5        EV:  7    Int: 10    God:    Trog [**....]
Gold:   250        SH:  9    Dex: 12    Spells: 0 memorised, 5 levels left

rFire  . . .     SeeInvis .     a - +0 flail
rCold  . . .     Gourm    .     b - +0 scale mail
rNeg   . . .     Faith    .     c - +0 shield
rPois  .         Spirit   .     (no helmet)
rElec  .         Dismiss  .     (no cloak)
rCorr  .         Reflect  .     (no gloves)
SustAt .         Harm     .     (no boots)
MR     .....     NoTele   +     (no amulet)
Stlth  ..........               (no ring)
                                (no ring)

@: berserking (expiring), very quick, not resistant to hostile enchantments,
extremely unstealthy
A: claws 1, blurry vision 1, deformed body, frail 1, low mp 1, wild magic 1
a: Berserk, Trog's Hand, Burn Spellbooks, Renounce Religion


You were in the Dungeon.
You worshipped Trog.
Trog was pleased with you.
You were not hungry.

You visited 1 branch You collected 250 gold pieces.

Inventory:

Hand Weapons
 a - a +0 flail (weapon)
Armour
 b - a +0 scale mail (worn)
 c - a +0 shield (worn)
Wands
 m - a wand of acid (5/15)
 n - a wand of iceblast (5/15)
Scrolls
 k - 4 scrolls of blinking
 o - 3 scrolls of fog
Potions
 d - a potion of lignification {unknown}
 e - a potion of curing
 g - 3 potions of heal wounds
 h - 4 potions of haste
 i - 2 potions of magic
 j - a potion of berserk rage
 l - a potion of resistance
Comestibles
 f - a bread ration
 p - 5 chunks of flesh


   Skills:
 - Level 3.0 Fighting
 * Level 12.3 Maces & Flails
 - Level 2.6 Armour
 - Level 2.6 Shields


You had 5 spell levels left.
You didn't know any spells.

Dungeon Overview and Level Annotations

Branches:
Dungeon (1/1)

Altars:
Cheibriados
Dithmenos
Fedhas
Gozag
Kikubaaqudgha
Makhleb
Okawaru
Pakellas
Qazlal
Ru
Sif Muna
Trog
Uskayaw
Vehumet
Xom
Yredelemnul
Zin
The Shining One
Jiyva
Lugonu

Shops:
D *[%??*?*:[((!!!!


Innate Abilities, Weirdness & Mutations

You have sharp fingernails.
Scrolls take you a little longer to read.
Armour fits poorly on your strangely shaped body.
You are frail. (-10% HP)
Your magical capacity is low. (-10% MP)
Your spells are a little harder to cast, but a little more powerful.


Message History

Unknown command.
Unknown command.
The neqoxec hits you. You block the shadow imp's attack.
You take 4 damage, and have 23/36 hp.
A red film seems to cover your vision as you go berserk!
You feel yourself moving faster!
You feel mighty!
You feel somewhat more hungry. The neqoxec hits you.
* * * LOW HITPOINT WARNING * * *
The neqoxec gestures at you.
Something tries to feed on your intellect!
The shadow imp barely misses you.
You now have 29/54 hp.
Unknown command.
You sock the neqoxec! The neqoxec gestures at you.
Something tries to feed on your intellect!
The neqoxec gestures at you.
Strange energies course through your body.
Your body twists and deforms.
You closely miss the neqoxec. You block the shadow imp's attack.
The neqoxec hits you!
* * * LOW HITPOINT WARNING * * *
You take 11 damage, and have 18/54 hp.
MASSIVE DAMAGE!!
You barely miss the neqoxec. The neqoxec gestures at you.
Something tries to feed on your intellect!
The shadow imp completely misses you. The neqoxec hits you!
* * * LOW HITPOINT WARNING * * *
You take 11 damage, and have 7/54 hp.
MASSIVE DAMAGE!!
Unknown command.
You sock the neqoxec! You closely miss the neqoxec.
You block the shadow imp's attack.
The neqoxec gestures.
You barely miss the neqoxec. The shadow imp gestures at you.
You barely resist.
Unknown command.
You sock the neqoxec!
You kill the neqoxec!
Trog accepts your kill.
Your Maces & Flails skill gained 2 levels and is now at level 12!
You have reached level 6!
Your experience leads to an increase in your attributes!
Your base attributes are Str 17, Int 10, Dex 12.
Increase (S)trength, (I)ntelligence, or (D)exterity?
You feel stronger.
The shadow imp disappears in a puff of smoke!
The white imp disappears in a puff of smoke!
The neqoxec gestures at you.
Strange energies course through your body.
You feel less energetic.
Unknown command.
You hit the neqoxec.
Unknown command.
You hit the neqoxec. You block the neqoxec's attack.
You sock the neqoxec! You thump the neqoxec! The neqoxec hits you!
You die...

###.........
#⌠..........
######.8.........
##∩___......###...
###∩........8.# #.8.
##.............###...
#⌠..........###[..###
#⌠..........# #.<.# #
#⌠..@.......###...###
##...3.........###...
###∩........8.# #.8.
##§__.......###...
######.8.........
#⌠..........
###.........
#....@..._ #_......._


You could see a neqoxec.

Vanquished Creatures
  Sigmund (D)
  A neqoxec (D)
  A big kobold (D)
  Jessica (D)
  Terence (D)
  An adder (D)
  2 hobgoblins (D)
8 creatures vanquished.

Notes
Turn   | Place    | Note
--------------------------------------------------------------
     0 | D        | Laraso the Demonspawn Fighter began the quest for the Orb.
     0 | D        | Reached XP level 1. HP: 18/18 MP: 1/1
     4 | D        | Found an opulent altar of Gozag.
     4 | D        | Found a shimmering altar of Xom.
     5 | D        | Found an oddly glowing altar of Pakellas.
     5 | D        | Found a glowing silver altar of Zin.
     5 | D        | Round 1.
     6 | D        | Found a radiant altar of Vehumet.
     6 | D        | Found a basalt altar of Yredelemnul.
     6 | D        | Found Veuhiet's Premium Goods.
     6 | D        | Found Esiown's Weapon Rack.
     7 | D        | Found Iclon's Miscellaneous Merchandise.
     7 | D        | Found Amif's Basic Armour.
    14 | D        | Reached skill level 2 in Maces & Flails
    20 | D        | Found a hide-covered altar of Uskayaw.
    20 | D        | Found Zynischups's Identification Station.
    20 | D        | Found Hiunuoj's Advanced Armour.
    21 | D        | Found Awiehoe's Jewellery.
    22 | D        | Found a viscous altar of Jiyva.
    22 | D        | Found a corrupted altar of Lugonu.
    22 | D        | Found a shadowy altar of Dithmenos.
    22 | D        | Found Otodwuri's Bee Food.
    27 | D        | Found a glowing golden altar of the Shining One.
    28 | D        | Found a stormy altar of Qazlal.
    29 | D        | Found an ancient bone altar of Kikubaaqudgha.
    29 | D        | Found a sacrificial altar of Ru.
    29 | D        | Found Filoegu's Magic Scroll Shop.
    29 | D        | Found Seg Sidd's Staff Store.
    30 | D        | Found Ytwaofel's Magic Scroll Shop.
    30 | D        | Found Gefux's Must-Have Magic.
    33 | D        | Found an iron altar of Okawaru.
    34 | D        | Found a deep blue altar of Sif Muna.
    35 | D        | Found a snail-covered altar of Cheibriados.
    36 | D        | Found Iniseh's Distillery.
    37 | D        | Found Soadakhe's Distillery.
    37 | D        | Found Irghait's Bottled Wisdom.
    38 | D        | Found a bloodstained altar of Trog.
    38 | D        | Found a burning altar of Makhleb.
    38 | D        | Found a blossoming altar of Fedhas.
    38 | D        | Found Tyketz's Do-It-Yourself Clinic.
    40 | D        | Noticed a big kobold
    46 | D        | Became a worshipper of Trog the Wrathful
    64 | D        | HP: 5/18 [big kobold (4)]
    66 | D        | Killed a big kobold
    66 | D        | Reached skill level 7 in Maces & Flails
    66 | D        | Gained mutation: You have sharp fingernails. [demonic ancestry]
    66 | D        | Reached XP level 2. HP: 7/24 MP: 2/2
    66 | D        | Reached XP level 3. HP: 8/29 MP: 3/3
    66 | D        | Reached XP level 4. HP: 10/35 MP: 4/4
    78 | D        | Noticed Ijyb
   102 | D        | Arena points: 3 (+3) [x1]
   117 | D        | Round 2.
   121 | D        | Noticed a phantom
   121 | D        | Noticed Jessica
   121 | D        | Noticed Terence
   126 | D        | Noticed Sigmund
   140 | D        | Reached * piety under Trog
   145 | D        | Killed Sigmund
   145 | D        | Reached skill level 10 in Maces & Flails
   145 | D        | Reached XP level 5. HP: 36/41 MP: 5/5
   148 | D        | Killed Terence
   153 | D        | Killed Jessica
   153 | D        | Reached ** piety under Trog
   165 | D        | HP: 15/41 [phantom (7)]
   170 | D        | Arena points: 27 (+24) [x2]
   182 | D        | Round 3.
   191 | D        | Noticed a neqoxec
   192 | D        | Gained mutation: Your spells are a little harder to cast, but a little more powerful. [a neqoxec]
   194 | D        | Noticed a neqoxec
   194 | D        | Gained mutation: You are frail. (-10% HP) [a neqoxec]
   196 | D        | Gained mutation: Scrolls take you a little longer to read. [a neqoxec]
   199 | D        | Gained mutation: Armour fits poorly on your strangely shaped body. [a neqoxec]
   200 | D        | HP: 18/54 [neqoxec (12)]
   201 | D        | HP: 7/54 [neqoxec (11)]
   205 | D        | Killed a neqoxec
   205 | D        | Reached skill level 12 in Maces & Flails
   205 | D        | Reached XP level 6. HP: 8/42 MP: 6/6
   205 | D        | Gained mutation: Your magical capacity is low. (-10% MP) [a neqoxec]
   209 | D        | Slain by a neqoxec

Vault maps used:
D:        arena_sprint

Skill      XL: |  1  2  3  4  5 |
---------------+----------------+-----
Maces & Flails | 7 10 12 | 12.3
Fighting       | |  3.0
Armour         | |  2.6
Shields        | |  2.6

Action                   |  1- 3 |  4- 6 || total
-------------------------+-------+-------++-------
Melee: Flail             |    23 |    63 ||    86
Invok: Berserk           |       |     2 ||     2
       Trog's Hand       |       |     1 ||     1
  Use: Potion            |       |     2 ||     2
Armor: Scale mail        |    13 |    16 ||    29
Dodge: Dodged            |     5 |    14 ||    19
Block: Shield            |     7 |    22 ||    29

Table legend:
 A = Kills in this place as a percentage of kills in entire the game.
 B = Kills by you in this place as a percentage of kills by you in the entire game.
 C = Kills by friends in this place as a percentage of kills by friends in the entire game.
 D = Other kills in this place as a percentage of other kills in the entire game.
 E = Experience gained in this place as a percentage of experience gained in the entire game.
 F = Experience gained in this place divided by the number of levels of this place that you have seen.
                   A       B       C       D       E      F
               +-------+-------+-------+-------+-------+----------------------
         Total | 100.0 | 100.0 |  -nan |  -nan | 100.0 | 515.0
       Dungeon | 100.0 | 100.0 |  -nan |  -nan | 100.0 | 515.0
               +-------+-------+-------+-------+-------+----------------------

Table legend:
 A = Turns spent in this place as a percentage of turns spent in the entire game.
 B = Non-inter-level travel turns spent in this place as a percentage of non-inter-level travel turns spent in the entire game.
 C = Inter-level travel turns spent in this place as a percentage of turns spent in this place.
 D = Turns resting spent in this place as a percentage of non-inter-level travel turns spent in this place.
 E = Turns spent auto-exploring this place as a percentage of non-inter-level travel turns spent in this place.
 F = Non-inter-level travel turns spent in this place divided by the number of levels of this place that you've seen.
                   A       B       C       D       E      F
               +-------+-------+-------+-------+-------+----------------------
         Total | 100.0 | 100.0 |   0.0 |   0.9 |   0.0 | 227.0
       Dungeon | 100.0 | 100.0 |   0.0 |   0.9 |   0.0 | 227.0
               +-------+-------+-------+-------+-------+----------------------

Vault maps used:
D:        arena_sprint
